 Dungeon Crawl Stone Soup version 0.27-a0-1219-g958d993ae5 (webtiles) character file.

Game seed: 3898122669329048375

21 pcat the Conjurer (level 2, -5/18 HPs)
             Began as an Octopode Conjurer on June 7, 2021.
             Slain by a worm (6 damage)
             ... on level 2 of the Dungeon.
             The game lasted 00:01:23 (1139 turns).

pcat the Conjurer (Octopode Conjurer)               Turns: 1139, Time: 00:01:24

Health: -5/18      AC:  1    Str:  6    XL:     2   Next: 87%
Magic:  1/5        EV: 13    Int: 20    God:
Gold:   60         SH:  0    Dex: 10    Spells: 2/5 levels left

rFire    . . .     SeeInvis .   d - +0 dagger
rCold    . . .     Faith    .   (no shield)
rNeg     . . .     Spirit   .   (helmet restricted)
rPois    .         Reflect  .   (no amulet)
rElec    .         Harm     .   (no ring)
rCorr    .         Rampage  .   (no ring)
Will     .....                  (no ring)
Stlth    +++.......             (no ring)
HPRegen  0.06/turn              (no ring)
MPRegen  0.09/turn              (no ring)
                                (no ring)
                                (no ring)

@: no status effects
A: almost no armour, amphibious, 8 rings, camouflage 1, gelatinous body 1,
(nimble swimmer 1), tentacles
a: no special abilities


You were on level 2 of the Dungeon.
You visited 1 branch of the dungeon, and saw 2 of its levels.

You collected 60 gold pieces.

Inventory:

Hand Weapons
 d - a +0 dagger (weapon)
Missiles
 i - 25 stones
Scrolls
 a - a scroll of teleportation {unknown}
 b - a scroll of brand weapon {unknown}
 c - a scroll of identify {unknown}
 e - a scroll of magic mapping {unknown}
 h - a scroll of summoning {unknown}
Potions
 f - a potion of magic {unknown}
 g - a potion of lignification {unknown}


   Skills:
 + Level 0.8 Fighting
 - Level 2.0 Dodging
 - Level 2.6 Stealth
 * Level 2.4 Spellcasting
 * Level 4.3 Conjurations


You had 2 spell levels left.
You knew the following spells:

 Your Spells              Type           Power      Damage    Failure   Level
a - Magic Dart            Conj           76%        1d6       2%          1
b - Searing Ray           Conj           38%        3d4       3%          2

Your spell library contained the following spells:

 Spells                   Type           Power      Damage    Failure   Level
 Dazzling Flash           Conj/Hex       22%        N/A       19%         3
 Fulminant Prism          Conj/Hex       5%         3d7       52%         4
 Iskenderun's Mystic Bla  Conj/Tloc      11%        2d4       52%         4


Dungeon Overview and Level Annotations

Branches:
Dungeon (2/15)

Altars:


Innate Abilities, Weirdness & Mutations

You cannot wear most types of armour.
You are amphibious.
You can wear up to eight rings at the same time.
Your skin changes colour to match your surroundings (Stealth+).
Your rubbery body absorbs attacks. (AC +1, EV +1)
((You are camouflaged near water. (Stealth+)))
You have tentacles for arms and can constrict up to eight enemies at once.


Message History

There are monsters nearby!
The magic dart hits the worm.
The worm is moderately wounded.
The magic dart hits the worm but does no damage.
The worm is moderately wounded.
The worm bites you!
There are monsters nearby!
You are too depleted to draw on your mana recklessly!
There are monsters nearby!
You are too depleted to draw on your mana recklessly!
There are monsters nearby!
You are too depleted to draw on your mana recklessly!
You hit the worm. Your grab misses the worm.
The worm is moderately wounded.
You hit the worm but do no damage. You grab the worm.
The worm is moderately wounded.
You constrict the worm, but do no damage.
The hobgoblin misses you. The worm closely misses you.
You barely miss the hobgoblin. You grab the hobgoblin. You constrict the worm.
You constrict the hobgoblin, but do no damage.
The hobgoblin barely misses you.
You completely miss the hobgoblin. You squeeze the hobgoblin.
The hobgoblin is lightly wounded.
You constrict the worm. You constrict the hobgoblin. The hobgoblin hits you.
The worm barely misses you.
You hit the worm.
The worm is moderately wounded.
You constrict the worm. You constrict the hobgoblin. The hobgoblin hits you.
* * * LOW HITPOINT WARNING * * *
The worm bites you.
* * * LOW HITPOINT WARNING * * *
You hit the hobgoblin but do no damage.
The hobgoblin is severely wounded.
You constrict the worm. You constrict the hobgoblin. The hobgoblin misses you.
You hit the hobgoblin but do no damage.
The hobgoblin is almost dead.
You constrict the worm. You constrict the hobgoblin.
You kill the hobgoblin!
The worm bites you.
You die...

.....##........
...............
...............
........(......
...............
.........?....#
............>.#
......w@......#
......†......##
.....##.......#
#### ##..?...#
....... ......#
......# ......#


You could see a worm.

Vanquished Creatures
  3 ball pythons (D:1)
  2 bats (D:1)
  An endoplasm (D:2)
  A giant cockroach (D:1)
  A goblin (D:1)
  3 hobgoblins
  2 jackals (D:1)
  3 kobolds (D:1)
  A quokka (D:1)
  A frilled lizard (D:1)
  3 rats (D:1)
21 creatures vanquished.

Notes
Turn   | Place    | Note
-------+----------+-------------------------------------------
     0 | D:1      | pcat the Octopode Conjurer began the quest for the Orb.
     0 | D:1      | Reached XP level 1. HP: 11/11 MP: 3/3
   111 | D:1      | Found a faded altar of an unknown god.
   509 | D:1      | Reached XP level 2. HP: 18/18 MP: 0/5
   518 | D:1      | Learned a level 2 spell: Searing Ray
  1139 | D:2      | Slain by a worm

Illustrated notes

Levels and vault maps discovered:
D:1:      elethiomel_arrival_maze, layout_rooms, shapermc_ecumenical_altar_gd
D:2:      layout_rooms

Action                   || total
-------------------------++-------
Melee: Unarmed           ||     5
       Dagger            ||     9
       Constrict         ||     4
       Tentacles         ||     3
 Cast: Magic Dart        ||    30
Armor: Skin              ||     1
Dodge: Dodged            ||    10

Table legend: (Time is in decaauts)
 A = Elapsed time spent in this place.
 B = Non-inter-level travel time spent in this place.
 C = Inter-level travel time spent in this place.
 D = Time resting spent in this place.
 E = Time spent auto-exploring this place.
 F = Levels seen in this place.
 G = Mean time per level.
                   A        B        C        D        E       F      G
               +--------+--------+--------+--------+--------+-----+--------+
         Total |   1138 |   1129 |      9 |      0 |   1023 |   2 |  569.0 |
       Dungeon |   1138 |   1129 |      9 |      0 |   1023 |   2 |  569.0 |
               +--------+--------+--------+--------+--------+-----+--------+

Top non-repeatable levels by time:
     D:1: 1126 daAuts
     D:2: 11 daAuts
